Unix NetHack Version 3.7.0-69 Work-in-progress - last build Jan 17 2023 02:48:11 (52afb19a5a75bd13c37bd07f7a1a2262d275dfea,branch:master). Game began 2023-01-19 20:51:27, ended 2023-01-19 21:41:27. Gandelf, neutral male human Monk ----------- ----------- |.........| |.V.....*.. | |...---.-----@|.---.--- |.... |.....L.|. ...| |.--- ---...--- ----- ....* ..| --------------- -.... |.|.*...|.........| |.-----.|.........| |......*-....<....| |.|.------|.........| ....| |.........| -...| ----------- ....| -...| |..^| |.-.| . --- Gandelf the Initiate St:16 Dx:11 Co:13 In:10 Wi:18 Ch:10 Neutral S:4921 Dlvl:13 $:379 HP:0(45) Pw:49(49) AC:-2 Xp:6/639 T:3615 Burdened Latest messages: The invisible Bilbo touches the gnome mummy. The gnome mummy is covered in frost! The frost doesn't seem to chill the gnome mummy! The gnome mummy misses the invisible Bilbo. You miss the vampire. The invisible Bilbo touches it. It misses the invisible Bilbo. The vampire hits! The vampire bites! You miss the vampire. The invisible Bilbo vanishes! You hear some noises. The vampire hits! The vampire bites! The invisible Bilbo touches it. It misses the invisible Bilbo. The invisible Bilbo touches the gnome mummy. The gnome mummy is covered in frost! The frost doesn't seem to chill the gnome mummy! The gnome mummy misses the invisible Bilbo. The invisible Bilbo touches it. It misses the invisible Bilbo. You hit the vampire! The invisible Bilbo vanishes and reappears next to you. The invisible Bilbo misses the vampire. The vampire hits! The vampire bites! It touches the vampire. The vampire is covered in frost! You miss the vampire. The invisible Bilbo appears next to you! The vampire hits! The vampire bites! You hit the vampire! The vampire hits! The vampire bites! Goodbye level 7. You feel less sensitive! Are you sure you want to pray? [yn] (n) y You begin praying to Chih Sung-tzu. The vampire hits! The vampire bites! The invisible Bilbo vanishes and reappears next to you. The vampire hits! You die... Do you want your possessions identified? [ynq] (y) y Do you want to see your attributes? [ynq] (y) y Do you want an account of creatures vanquished? [ynaq] (y) y Do you want to see your conduct and achievements? [ynq] (y) y Do you want to see the dungeon overview? [ynq] (y) y Inventory: Coins $ - 379 gold pieces Weapons Z - 7 +0 shuriken Armor s - an uncursed +0 dwarvish iron helm (being worn) a - an uncursed +3 pair of leather gloves (being worn) W - an uncursed +0 pair of iron shoes (being worn) b - a blessed +2 robe (being worn) Comestibles h - 5 uncursed apples U - an uncursed carrot g - 9 uncursed food rations j - 2 uncursed fortune cookies O - an uncursed fortune cookie i - 6 uncursed oranges T - an uncursed tripe ration P - an uncursed egg Scrolls J - 2 uncursed scrolls of blank paper S - an uncursed scroll of blank paper Potions V - a cursed potion of confusion L - a potion of unholy water Rings H - a cursed ring of aggravate monster Wands z - a wand of nothing (0:6) R - a wand of striking (0:0) Tools A - an uncursed bag of holding containing 34 items M - a drum of earthquake (0:5) w - a cursed magic lamp (lit) p - a magic marker (0:28) r - an uncursed tallow candle I - an uncursed towel e - a +0 unicorn horn Gems/Stones m - 2 uncursed emeralds f - 2 uncursed worthless pieces of black glass G - an uncursed worthless piece of blue glass c - 3 uncursed worthless pieces of green glass E - an uncursed worthless piece of orange glass y - 4 uncursed worthless pieces of red glass N - an uncursed worthless piece of yellowish brown glass F - an uncursed touchstone Contents of the bag of holding: 7 +0 darts a blessed +0 dwarvish cloak a cursed +0 dwarvish cloak an uncursed scroll of amnesia an uncursed scroll of create monster an uncursed scroll of destroy armor an uncursed scroll of fire an uncursed scroll of food detection an uncursed scroll of genocide an uncursed scroll of light an uncursed scroll of magic mapping an uncursed scroll of remove curse a blessed spellbook of confuse monster an uncursed spellbook of haste self an uncursed spellbook of jumping an uncursed spellbook of levitation a cursed potion of extra healing an uncursed potion of healing an uncursed potion of object detection an uncursed potion of restore ability an uncursed potion of sickness 4 uncursed potions of water a can of grease (0:24) a +0 pick-axe a blessed tallow candle an uncursed tin opener a tinning kit (0:78) an uncursed fluorite stone an uncursed worthless piece of green glass an uncursed worthless piece of red glass 2 uncursed worthless pieces of violet glass an uncursed worthless piece of yellow glass an uncursed worthless piece of yellowish brown glass 2 uncursed worthless pieces of yellowish brown glass Gandelf the Monk's attributes: Background: You were an Initiate, a level 6 male human Monk. You were neutral, on a mission for Chih Sung-tzu who was opposed by Shan Lai Ching (lawful) and Huan Ti (chaotic). You were in the Gnomish Mines, on level 13. You entered the dungeon 3615 turns ago. You had 639 experience points, 1 more was needed to attain level 7. Your score was 4921 before end-of-game adjustments. Basics: You had 0 out of 45 hit points. You had all 49 energy points (spell power). Your armor class was -2. Your wallet contained 379 zorkmids. Autopickup was off. Final Characteristics: Your strength was 16 (limit:18/100). Your dexterity was 11 (limit:18). Your constitution was 13 (limit:18). Your intelligence was 10 (limit:18). Your wisdom was 18 (limit:18). Your charisma was 10 (limit:18). Final Status: You were not hungry. You were burdened; movement was slightly slowed. You were empty handed. You had basic skill with martial arts and could have enhanced that. Final Attributes: You were piously aligned. You were sleep resistant. You were poison resistant. You saw invisible. You were stealthy. You were guarded. You were fast. You are dead. Miscellaneous: You never encountered a bones level. Total elapsed playing time was 50 minutes. Major events: Turn 1: Gandelf the neutral male human Monk entered the dungeon 1221: attained the rank of Novice (level 3) 1307: entered the Gnomish Mines 2117: reached Mine Town 2197: attained the rank of Initiate (level 6) 3615: killed by a vampire, while praying Vanquished creatures: a small mimic a leprechaun a mumak a giant spider a gnome ruler an owlbear a dwarf leader a black unicorn a rope golem 4 soldier ants 2 bugbears 10 gnome leaders 6 gnomish wizards a paper golem a giant ant 14 dwarves 2 homunculi a kobold shaman 4 monkeys a killer bee a hobbit a brown mold a yellow mold 50 gnomes 5 gnome zombies 3 geckos 7 jackals 3 goblins a sewer rat 4 grid bugs a bat a lichen a kobold zombie 3 newts 137 creatures vanquished. No species were genocided or became extinct. Voluntary challenges: You followed a strict vegan diet. You never hit with a wielded weapon. You read items or engraved 7 times. You never engraved Elbereth. You never genocided any monsters. You never polymorphed an object. You never changed form. You used no wishes. Achievements: You entered a shop. You attained the rank of Novice. You entered the Gnomish Mines. You entered Minetown. You entered a temple. You attained the rank of Initiate. The Dungeons of Doom: levels 1 to 4 Level 1: Level 2: A general store. Level 3: A general store, an altar, a grave. Level 4: A general store. Stairs down to The Gnomish Mines. The Gnomish Mines: levels 5 to 13 Level 5: Level 6: Level 7: Many shops, a temple, a fountain, a sink. Level 8: Level 9: Level 10: Level 11: Level 12: Level 13: <- You were here. Final resting place for you, killed by a vampire, while praying. Game over: ---------- / \ / REST \ / IN \ / PEACE \ / \ | Gandelf | | 379 Au | | killed by a | | vampire | | | | | | 2023 | *| * * * | * _________)/\\_//(\/(/\)/\//\/|_)_______ Goodbye Gandelf the Monk... You died in The Gnomish Mines on dungeon level 13 with 4884 points, and 379 pieces of gold, after 3615 moves. You were level 6 with a maximum of 45 hit points when you died.